 Dungeon Crawl Stone Soup version 0.30-a0-782-ge64f9170bb (webtiles) character file.

Game seed: 5104824884574225409

22552 Leeroy the Fencer (level 13, -31/103 HPs)
             Began as a Merfolk Gladiator on Feb 25, 2023.
             Was a High Priest of Okawaru.
             Killed from afar by Nikola (33 damage)
             ... with an arc of chain lightning
             ... on level 2 of the Lair of Beasts.
             The game lasted 00:22:45 (16144 turns).

Leeroy the Fencer (Merfolk Gladiator)              Turns: 16144, Time: 00:22:45

Health: -31/103    AC: 14    Str: 17    XL:     13   Next: 1%
Magic:  14/19      EV: 25    Int:  7    God:    Okawaru [*****.]
Gold:   1951       SH:  6    Dex: 26    Spells: 12/12 levels left

rFire   . . .      SeeInvis .    a - +2 rapier of Vengamp {venom, rElec rC++ Str+2}
rCold   + + .      Faith    .    h - +1 buckler {AC+3}
rNeg    . . .      Spirit   .    g - +0 acid dragon scales
rPois   +          Reflect  .    c - +2 hat
rElec   +          Harm     .    y - +2 cloak {rPois}
rCorr   +          Rampage  .    (no gloves)
Will    +....                    (no boots)
Stlth   ++                       Y - amulet of the acrobat
HPRegen 0.37/turn                b - +6 ring of dexterity
MPRegen 0.16/turn                x - ring of willpower

@: finesse-ful
A: (nimble swimmer 2), mertail
a: Renounce Religion, Heroism, Finesse, Duel


You were on level 2 of the Lair of Beasts.
You worshipped Okawaru.
Okawaru was extremely pleased with you.
You visited 4 branches of the dungeon, and saw 15 of its levels.

You collected 1951 gold pieces.

Inventory:

Hand Weapons
 a - the +2 rapier of Vengamp (weapon) {venom, rElec rC++ Str+2}
   (You took it off a gnoll bouda on level 8 of the Dungeon)

   Str:       It affects your strength (+2).
   rC:        It greatly protects you from cold.
   rElec:     It insulates you from electricity.
 u - a +4 scimitar of flaming
 C - the +1 great sword of Hairy Forgiveness {drain, Will+ MP+9}
   (You acquired it on level 9 of the Dungeon)

   MP:        It affects your magic capacity (+9).
   Will:      It increases your willpower.
 H - the +4 spear of the Turnip {drain, rElec rF+ rC+ Int-4}
   (You found it on level 5 of the Dungeon)

   Int:       It affects your intelligence (-4).
   rF:        It protects you from fire.
   rC:        It protects you from cold.
   rElec:     It insulates you from electricity.
 Q - the +7 dagger of Bloody Death {chaos, rC+ Will+ Str-3}
   (You took it off a kobold brigand on level 7 of the Dungeon)

   Str:       It affects your strength (-3).
   rC:        It protects you from cold.
   Will:      It increases your willpower.
 R - a +1 great sword of protection
 X - the +12 pair of quick blades "Gyre" and "Gimble" {protect}
   (You found it on level 8 of the Dungeon)
Missiles
 d - 6 throwing nets
 m - 63 poisoned darts (quivered)
 G - 7 curare-tipped darts
Armour
 c - a +2 hat (worn)
 g - +0 acid dragon scales (worn)
 h - a +1 buckler of protection (worn)
 t - the +1 robe of Hedge Wizardry {Archmagi}
   (You found it on level 2 of the Dungeon)

   Archmagi:  It increases the power of your magical spells.
 y - a +2 cloak of poison resistance (worn)
 S - a +2 robe of fire resistance
Jewellery
 b - a +6 ring of dexterity (left hand)
 f - a ring of magical power
 j - a ring of protection from cold
 r - a ring of positive energy
 x - a ring of willpower (right hand)
 Y - an amulet of the acrobat (around neck)
 Z - a ring of see invisible
Wands
 N - a wand of iceblast (1)
 T - a wand of flame (8)
 W - a wand of quicksilver (8)
Scrolls
 e - a scroll of fear
 i - a scroll of silence
 k - a scroll of immolation
 o - 3 scrolls of enchant armour
 p - 3 scrolls of enchant weapon
 v - 2 scrolls of fog
 w - 2 scrolls of poison
 A - a scroll of identify
 B - 3 scrolls of brand weapon
 D - 4 scrolls of teleportation {unknown}
 F - 3 scrolls of amnesia
 I - 4 scrolls of blinking {unknown}
 J - 3 scrolls of noise
 K - 2 scrolls of magic mapping
 M - a scroll of summoning
 U - a scroll of vulnerability
Potions
 l - 4 potions of attraction {unknown}
 n - 3 potions of flight {unknown}
 q - 2 potions of degeneration {unknown}
 s - 4 potions of resistance {unknown}
 z - 3 potions of haste
 E - 4 potions of brilliance {unknown}
 L - 5 potions of curing {unknown}
 O - 2 potions of lignification {unknown}
 P - 2 potions of berserk rage {unknown}
 V - a potion of magic {unknown}


   Skills:
 + Level 10.0 Fighting
 - Level 16.0 Long Blades
 - Level 2.0 Throwing
 - Level 15.3 Dodging
 + Level 0.1 Shields
 - Level 9.1 Invocations
 - Level 0.8 Evocations


You had 12 spell levels left.
You didn't know any spells.
Your spell library contained the following spells:

 Spells                   Type           Power      Damage    Failure   Level
 Apportation              Tloc           0%         N/A       65%         1
 Beastly Appendage        Tmut           0%         N/A       65%         1
 Necrotise                Necr           0%         1d4       65%         1
 Wereblood                Tmut           0%         N/A       78%         2
 Frozen Ramparts          Ice            0%         1d1       95%         3
 Ignite Poison            Fire/Tmut/Pois 0%         N/A       95%         3
 Kindle Blastsparks       Fire/Tloc/Air  0%         2d10      95%         3
 Ozocubu's Armour         Ice            0%         N/A       95%         3
 Portal Projectile        Hex/Tloc       0%         N/A       95%         3
 Spider Form              Tmut/Pois      0%         N/A       95%         3
 Ice Form                 Ice/Tmut       0%         N/A       100%        4
 Manifold Assault         Tloc           0%         N/A       100%        4
 Blade Hands              Tmut           0%         N/A       100%        5
 Freezing Cloud           Conj/Ice/Air   0%         6-21      100%        5
 Dispersal                Tloc           0%         N/A       100%        6
 Ozocubu's Refrigeration  Ice            0%         4d7       100%        7
 Disjunction              Tloc           0%         N/A       100%        8
 Summon Small Mammal      Summ           Unusable   N/A       N/A         1
 Tukima's Dance           Hex            Unusable   N/A       N/A         3
 Summon Ice Beast         Ice/Summ       Unusable   N/A       N/A         4

Dungeon Overview and Level Annotations

Branches:
Dungeon (10/15)            Temple (1/1) D:5            Lair (3/5) D:10
 Shoals (1/4) Lair:2          Orc (0/2) D:9
  Snake: Lair:2-3    Spider: Lair:2-3

Altars:
Ashenzari
Cheibriados
Dithmenos
Elyvilon
Fedhas
Gozag
Hepliaklqana
Kikubaaqudgha
Makhleb
Nemelex Xobeh
Okawaru
Qazlal
Ru
Sif Muna
Trog
Uskayaw
Vehumet
Wu Jian
Xom
Yredelemnul
Zin
The Shining One

Annotations:
D:8 1 transporter
Lair:2 Nikola


Innate Abilities, Weirdness & Mutations

((You are very nimble when in or above water. (Stealth+, EV+, Speed+++)))
Your lower body shifts to a powerful aquatic tail in water.


Message History

You hit Nikola.
Nikola looks as sick as possible!
Nikola is moderately wounded.
Nikola hits you with a +4 rapier of electrocution.
You hit Nikola.
Nikola looks as sick as possible!
Nikola is moderately wounded.
Nikola hits you with a +4 rapier of electrocution!
You puncture Nikola!
Nikola looks as sick as possible!
Nikola is moderately wounded.
You hit Nikola.
Nikola looks as sick as possible!
Nikola is moderately wounded.
Nikola closely misses you.
You hit Nikola but do no damage.
Nikola is moderately wounded.
Nikola gestures wildly while chanting.
Lightning arcs from Nikola's hands!
The bolt of lightning hits you!!! You resist.
Ouch! That really hurt!
* * * LOW HITPOINT WARNING * * *
A bolt of lightning appears from out of thin air!
The bolt of lightning hits Nikola.
You are too injured to fight recklessly!
You puncture Nikola!
Nikola looks as sick as possible!
Nikola is heavily wounded.
Okay, then.
Okay, then.
Okay, then.
Okay, then.
You can now deal lightning-fast blows.
Nikola misses you.
You hit Nikola.
Nikola looks as sick as possible!
Nikola is heavily wounded.
Nikola misses you.
You hit Nikola.
Nikola looks as sick as possible!
Nikola is heavily wounded.
You hit Nikola.
Nikola looks as sick as possible!
Nikola is heavily wounded.
Nikola gestures wildly while chanting.
Lightning arcs from Nikola's hands!
The bolt of lightning hits you!! You resist.
You die...

.....###### ##.......## #.
..........# ##....##.## ##
..........########..#######
# ..........##.##...###
............##....# #
.............#...###### #
..............#..###P.### #
.............#.#@.......# #
...............~@..~~..P#
............P~~#..~##~.##
.[............###~##~~.#
............#..~~..~~.##
..............~#.>.~~.##
###
P...#.##.#...~~...~..~P#
####..
..####.####...~~~.~~#.##
#P.... ..# ###
##..~##~.##~~#####..... #.#
#.#.##....#.~##........


You could see Nikola (extremely poisoned).

Vanquished Creatures
  Gastronok (Lair:1)
  Harold (D:10)
  2 hydras (Lair:2)
  3 catoblepae
  2 two-headed ogres
  Lodul (D:10)
  A skyshark (Lair:1)
  Pikel (D:9)
  An ugly thing (D:8)
  3 elephants (Lair:2)
  Joseph (D:10)
  2 kobold demonologists
  4 cane toads
  Maggie (D:6)
  An efreet (D:8)
  3 komodo dragons
  2 trolls (D:10)
  A polar bear (Lair:2)
  Prince Ribbit (D:5)
  Sigmund (D:2)
  2 shadows (D:8)
  A spriggan (shapeshifter) (D:8)
  3 wyverns
  22 yaks
  2 steam dragons
  2 vampire mosquitoes (D:10)
  An acid dragon (D:8)
  A water moccasin (D:5)
  2 black bears
  A sky beast (D:7)
  3 ice beasts
  8 ogres
  3 centaurs
  A phantom (D:6)
  A lemure (D:9)
  8 kobold brigands
  Blork the orc (D:4)
  6 bullfrogs
  2 necrophages
  A gnoll sergeant (D:8)
  3 scorpions
  8 wights
  5 killer bees (D:8)
  An electric eel (Lair:2)
  3 howler monkeys
  Crazy Yiuf (D:2)
  3 hounds
  A jelly (D:6)
  2 gnoll boudas
  7 orc priests
  5 iguanas
  Terence (D:2)
  Natasha (thrice) (D:3)
  11 orc wizards
  11 gnolls
  3 adders
  2 shadow imps
  5 worms
  3 dart slugs
  40 orcs
  6 ball pythons
  8 endoplasms
  2 giant cockroaches
  4 goblins
  6 hobgoblins
  28 kobolds
  3 quokkas
  5 bats
  4 frilled lizards
  A rat (D:2)
289 creatures vanquished.

Vanquished Creatures (others)
  2 plants (D:10)
2 creatures vanquished.

Grand Total: 291 creatures vanquished

Notes
Turn   | Place    | Note
-------+----------+-------------------------------------------
     0 | D:1      | Leeroy the Merfolk Gladiator began the quest for the Orb.
     0 | D:1      | Reached XP level 1. HP: 16/16 MP: 1/1
   178 | D:1      | Reached skill level 4 in Long Blades
   306 | D:1      | Reached XP level 2. HP: 22/22 MP: 2/2
   717 | D:2      | Reached XP level 3. HP: 27/27 MP: 3/3
   726 | D:2      | Noticed Sigmund
   739 | D:3      | Reached skill level 5 in Long Blades
   929 | D:2      | Identified the +1 robe of Hedge Wizardry {Archmagi}
  1220 | D:2      | Killed Sigmund
  1221 | D:2      | Reached skill level 7 in Long Blades
  1221 | D:2      | Reached XP level 4. HP: 27/33 MP: 4/4
  1221 | D:2      | Reached XP level 5. HP: 32/38 MP: 5/5
  1289 | D:2      | Noticed Terence
  1310 | D:2      | Killed Terence
  1437 | D:2      | Reached XP level 6. HP: 44/44 MP: 6/6
  1761 | D:2      | Found a runed translucent door.
  1762 | D:2      | Noticed Crazy Yiuf
  1891 | D:2      | HP: 2/44 [Crazy Yiuf/+3 quarterstaff of chaos (6)]
  1892 | D:2      | Killed Crazy Yiuf
  1893 | D:2      | Reached skill level 8 in Long Blades
  2119 | D:3      | Found an ancient bone altar of Kikubaaqudgha.
  2261 | D:3      | Noticed Natasha
  2269 | D:3      | Killed Natasha
  2344 | D:3      | Noticed Natasha
  2355 | D:3      | Killed Natasha
  2460 | D:3      | Noticed Natasha
  2469 | D:3      | Killed Natasha
  2470 | D:3      | Reached skill level 9 in Long Blades
  2627 | D:3      | Found a glowing golden altar of the Shining One.
  2691 | D:3      | Reached XP level 7. HP: 26/50 MP: 7/7
  3070 | D:4      | Noticed Blork the orc
  3083 | D:4      | Killed Blork the orc
  3084 | D:4      | Reached skill level 10 in Long Blades
  3575 | D:5      | Entered Level 5 of the Dungeon
  3587 | D:6      | Noticed Maggie
  3597 | D:6      | Killed Maggie
  3598 | D:6      | Reached skill level 11 in Long Blades
  3598 | D:6      | Reached XP level 8. HP: 17/56 MP: 8/8
  3769 | D:5      | Reached skill level 12 in Long Blades
  3875 | D:5      | Found a staircase to the Ecumenical Temple.
  3877 | D:5      | Identified the +4 spear of the Turnip {drain, rElec rF+ rC+
                  | Int-4}
  3901 | Temple   | Entered the Ecumenical Temple
  4565 | D:6      | Reached skill level 13 in Long Blades
  4584 | D:5      | Found a basalt altar of Yredelemnul.
  4796 | D:5      | Reached XP level 9. HP: 58/61 MP: 9/9
  5043 | D:5      | Noticed Prince Ribbit
  5055 | D:5      | Killed Prince Ribbit
  5056 | D:5      | Reached skill level 14 in Long Blades
  5321 | D:6      | Found an opulent altar of Gozag.
  5609 | D:6      | Found an iron altar of Okawaru.
  5653 | D:6      | Became a worshipper of Warmaster Okawaru
  6252 | D:7      | Reached skill level 15 in Long Blades
  6308 | D:7      | Found a large runed translucent door.
  6308 | D:7      | Found a large runed translucent door.
  6308 | D:7      | Found a shimmering altar of Xom.
  6322 | D:7      | Identified the +7 dagger of Bloody Death {chaos, rC+ Will+
                  | Str-3}
  6902 | D:6      | Reached skill level 5 in Dodging
  7280 | D:7      | Reached * piety under Okawaru
  7647 | D:7      | Reached XP level 10. HP: 66/67 MP: 10/10
  7844 | D:7      | Reached skill level 10 in Dodging
  7915 | D:7      | Found a shimmering altar of Xom.
  7991 | D:7      | Found a bloodstained altar of Trog.
  8010 | D:7      | Reached ** piety under Okawaru
  8721 | D:9      | Noticed a kobold demonologist
  8732 | D:8      | HP: 3/67 [something (27)]
  8743 | D:8      | HP: 2/67 [yak (12)]
  9308 | D:8      | Found a transporter.
  9430 | D:8      | Noticed a two-headed ogre
  9430 | D:8      | Noticed a catoblepas
  9459 | D:8      | Killed a two-headed ogre
  9499 | D:8      | Killed a catoblepas
  9499 | D:8      | Reached *** piety under Okawaru
  9837 | D:8      | Identified the +2 rapier of Vengamp {venom, rElec rC++
                  | Str+2}
  9838 | D:8      | Noticed a catoblepas
  9838 | D:8      | Found the +12 pair of quick blades "Gyre" and "Gimble"
                  | {protect}
  9840 | D:8      | Noticed a sea snake
  9840 | D:8      | Noticed a purple ugly thing
 10282 | D:8      | Reached XP level 11. HP: 59/72 MP: 11/11
 10389 | D:8      | Killed a purple ugly thing
 10389 | D:8      | Reached **** piety under Okawaru
 10421 | D:8      | Killed a catoblepas
 10422 | D:8      | Reached skill level 15 in Dodging
 11869 | D:9      | Found a staircase to the Orcish Mines.
 11918 | D:9      | Noticed a two-headed ogre
 11929 | D:9      | Killed a two-headed ogre
 12070 | D:8      | Reached skill level 16 in Long Blades
 12216 | D:9      | Noticed Pikel
 12228 | D:9      | Killed Pikel
 12229 | D:9      | Reached skill level 1 in Invocations
 12551 | D:9      | Found a sacrificial altar of Ru.
 12569 | D:9      | Identified a scroll of acquirement
 12574 | D:9      | Acquired the +1 great sword of Hairy Forgiveness {drain,
                  | Will+ MP+9}
 12637 | D:10     | Entered Level 10 of the Dungeon
 12656 | D:10     | Noticed Lodul
 12671 | D:10     | Killed Lodul
 12671 | D:10     | Reached ***** piety under Okawaru
 12724 | D:10     | Noticed Harold
 12743 | D:10     | Killed Harold
 12744 | D:10     | Reached skill level 5 in Invocations
 12857 | D:10     | Found a staircase to the Lair.
 12912 | D:10     | Found an ornate altar of the Wu Jian Council.
 13086 | D:10     | Received a gift from Okawaru
 13134 | D:10     | Noticed Joseph
 13144 | D:10     | Killed Joseph
 13145 | D:10     | Reached XP level 12. HP: 78/84 MP: 16/16
 13207 | D:10     | Reached skill level 5 in Fighting
 13379 | D:10     | Found a burning altar of Makhleb.
 13380 | D:10     | Found a hide-covered altar of Uskayaw.
 13526 | Lair:1   | Entered Level 1 of the Lair of Beasts
 13887 | Lair:1   | Acquired 971 gold pieces
 14073 | Lair:1   | Noticed Gastronok
 14087 | Lair:1   | Killed Gastronok
 14166 | Lair:1   | Noticed a catoblepas
 14191 | Lair:1   | Killed a catoblepas
 14906 | Lair:2   | Noticed a seven-headed hydra
 14917 | Lair:2   | Killed a one-headed hydra
 14992 | Lair:2   | Received a gift from Okawaru
 15132 | Lair:2   | Found a staircase to the Shoals.
 15438 | Lair:2   | Noticed a five-headed hydra
 15447 | Lair:2   | Killed a five-headed hydra
 16018 | Shoals:1 | Entered Level 1 of the Shoals
 16018 | Shoals:1 | Noticed a merfolk javelineer
 16019 | Shoals:1 | Noticed Nikola
 16060 | Lair:2   | Reached XP level 13. HP: 82/103 MP: 19/19
 16066 | Lair:2   | Reached skill level 10 in Fighting
 16139 | Lair:2   | HP: 1/103 [Nikola/arc of chain lightning (70)]
 16144 | Lair:2   | Killed from afar by Nikola

Illustrated notes

Levels and vault maps discovered:
D:1:      beargit_arrival_greenhouse, layout_rooms, minmay_misc_feat_columns
D:2:      layout_loops_ring, uniq_terence, uniq_crazy_yiuf_cottage, uniq_sigmund
D:3:      layout_rooms, tso_altar, old_standard_altar, uniq_natasha
D:4:      layout_cave_pools, uniq_blork_the_orc
D:5:      layout_loops_ring, yredelemnul_altar_generic,
          minmay_temple_entry_offerings, uniq_prince_ribbit1
D:6:      layout_layer_cave, kennysheep_little_box, mainiacjoe_overflow_catwalk,
          kennysheep_generic_room_5, uniq_maggie
D:7:      due_chaos_kobolds, layout_rooms, mainiacjoe_overflow_surrounded_room,
          mainiacjoe_overflow_six_doors_small, minmay_diced_spiral
D:8:      minmay_the_grid_triangle_9x9_rhombus_thin
          [minmay_the_grid_triangle_9x9_alien,
          minmay_the_grid_triangle_9x9_prize_insulated,
          minmay_the_grid_triangle_9x9_warning,
          minmay_the_grid_triangle_9x9_thin_v], layout_basic,
          nicolae_diode_basic
D:9:      layout_small_grid, nicolae_ru_sacrificial_ziggurat, orc_0_dummy,
          uniq_pikel
D:10:     minmay_general_purpose_star, layout_loops_ring,
          mainiacjoe_overflow_alcove_2, minitemple, dpeg_oklobed_lair,
          uniq_lodul, uniq_joseph, uniq_harold
Temple:   grunt_temple_mini_profane
Lair:1:   layout_layer_cave, grunt_megastairs_4, uniq_gastronok
Lair:2:   layout_cave_pods, elwin_shoals_entry_rocks,
          chequers_serial_rivers_micro_d, patterned_corridor,
          serial_bayou_shore_a
Lair:3:   layout_regular_city, spider_nest_entry_rubble, grunt_megastairs_5
Shoals:1: layout_shoals, serial_shops, nicolae_shop_crystal,
          wheals_shoals_ruined_temple, uniq_mlioglotl, uniq_nikola, uniq_aizul

Skill      XL: |  1  2  3  4  5  6  7  8  9 10 11 12 13 |
---------------+----------------------------------------+-----
Long Blades    | 4 7 9 11 13 15 16 | 16.0
Dodging        | 8 14 15 | 15.3
Invocations    | 5 9 |  9.1
Fighting       | 4 9 10 | 10.0
Throwing       | |  2.0
Shields        | |  0.1
Evocations     | |  0.8

Action                     |  1- 3 |  4- 6 |  7- 9 | 10-12 | 13-15 || total
---------------------------+-------+-------+-------+-------+-------++-------
  Melee: Long sword        |    54 |   125 |   415 |    66 |       ||   660
         Punch             |       |     1 |    10 |     2 |       ||    13
         Tailslap          |       |       |     4 |     5 |       ||     9
         Scimitar          |       |       |       |   169 |       ||   169
         Pair of quick bla |       |       |       |   337 |       ||   337
         Rapier            |       |       |       |    12 |    23 ||    35
         Great sword       |       |       |       |     5 |       ||     5
  Throw: Dart              |    10 |       |     4 |    18 |       ||    32
 Invoke: Finesse           |       |       |       |       |     1 ||     1
  Evoke: Wand              |       |       |       |     6 |       ||     6
    Use: Potion            |     1 |       |     2 |     3 |       ||     6
         Scroll            |       |       |     4 |    14 |       ||    18
   Stab: Sleeping          |     3 |     2 |       |     2 |       ||     7
 Armour: Robe              |    15 |    20 |    32 |       |       ||    67
         Leather armour    |     1 |       |       |       |       ||     1
         Acid dragon scale |       |       |   109 |    81 |       ||   190
  Dodge: Dodged            |    55 |    80 |   298 |   396 |    16 ||   845
  Block: Buckler           |       |       |       |     3 |     2 ||     5

Table legend: (Time is in decaauts)
 A = Elapsed time spent in this place.
 B = Non-inter-level travel time spent in this place.
 C = Inter-level travel time spent in this place.
 D = Time resting spent in this place.
 E = Time spent auto-exploring this place.
 F = Levels seen in this place.
 G = Mean time per level.
                   A        B        C        D        E       F      G
               +--------+--------+--------+--------+--------+-----+--------+
         Total |  15727 |  14982 |    745 |   3240 |   9219 |  15 | 1048.5 |
       Dungeon |  13030 |  12393 |    637 |   3202 |   6932 |  10 | 1303.0 |
        Temple |    217 |    180 |     37 |      0 |    174 |   1 |  217.0 |
          Lair |   2472 |   2401 |     71 |     38 |   2113 |   3 |  824.0 |
        Shoals |      7 |      7 |      0 |      0 |      0 |   1 |    7.0 |
               +--------+--------+--------+--------+--------+-----+--------+

Top non-repeatable levels by time:
     D:8: 3086 daAuts
     D:6: 2116 daAuts
     D:7: 1723 daAuts
  Lair:1: 1321 daAuts
     D:2: 1285 daAuts
  Lair:2: 1146 daAuts
     D:5: 1039 daAuts
     D:1: 834 daAuts
    D:10: 818 daAuts
     D:4: 773 daAuts
     D:3: 736 daAuts
     D:9: 616 daAuts
  Temple: 217 daAuts
Shoals:1: 7 daAuts
  Lair:3: 3 daAuts
